 Dungeon Crawl Stone Soup version 0.29-a0-359-g541a27f54d (webtiles) character file.

Game seed: 17724779838234867436

118 Agony the Conjurer (level 4, -1/34 HPs)
             Began as a Demigod Conjurer on Apr 27, 2022.
             Frozen to death by an endoplasm (5 damage)
             ... on level 4 of the Dungeon on Apr 28, 2022.
             The game lasted 00:15:00 (3090 turns).

Agony the Conjurer (Demigod Conjurer)               Turns: 3090, Time: 00:15:00

Health: -1/34      AC: 11    Str: 12    XL:     4   Next: 45%
Magic:  2/10       EV: 12    Int: 20    God:
Gold:   266        SH:  0    Dex: 12    Spells: 5/8 levels left

rFire   . . .      SeeInvis .   j - +0 whip
rCold   . . .      Faith    .   (no shield)
rNeg    . . .      Spirit   .   o - +3 leather armour
rPois   .          Reflect  .   w - +1 helmet
rElec   .          Harm     .   g - scarf {shadows}
rCorr   .          Rampage  +   (no gloves)
Will    .....                   e - +2 pair of boots {rampage}
Stlth   ++........              (no amulet)
HPRegen 0.11/turn               (no ring)
MPRegen 0.12/turn               (no ring)

@: no status effects
A: high MP 1, forlorn, divine attributes
a: no special abilities


You were on level 4 of the Dungeon.
You visited 1 branch of the dungeon, and saw 4 of its levels.

You collected 266 gold pieces.

Inventory:

Hand Weapons
 j - a +0 whip (weapon)
Armour
 e - a +2 pair of boots of rampaging (worn)
 g - a scarf of shadows (worn)
 o - a +3 leather armour (worn)
 p - a +0 cloak
 w - a +1 helmet (worn)
Magical Staves
 u - a staff of cold
Scrolls
 a - a scroll of fog {unknown}
 c - a scroll of immolation
 f - 2 scrolls of silence {unknown}
 k - 2 scrolls of enchant armour
 l - 2 scrolls of teleportation
 q - a scroll of noise {unknown}
 t - 2 scrolls of vulnerability {unknown}
 v - a scroll of identify
Potions
 b - a potion of magic
 d - 2 potions of invisibility {unknown}
 h - 2 potions of lignification {unknown}
 i - a potion of brilliance
 m - a potion of haste {unknown}
 n - a potion of mutation
 r - 2 potions of attraction
 s - a potion of curing
 x - 2 potions of degeneration {unknown}


   Skills:
 + Level 0.6 Fighting
 + Level 0.3 Maces & Flails
 + Level 1.0 Armour
 + Level 2.3 Dodging
 + Level 2.4 Stealth
 + Level 2.5 Spellcasting
 + Level 4.1 Conjurations
 * Level 0.1 Hexes


You had 5 spell levels left.
You knew the following spells:

 Your Spells              Type           Power      Damage    Failure   Level
a - Magic Dart            Conj           76%        1d6       3%          1
b - Searing Ray           Conj           38%        2d5       4%          2

Your spell library contained the following spells:

 Spells                   Type           Power      Damage    Failure   Level
 Static Discharge         Conj/Air       10%        N/A       12%         2
 Dazzling Flash           Conj/Hex       22%        N/A       24%         3
 Fulminant Prism          Conj/Hex       5%         3d7       61%         4
 Iskenderun's Mystic Bla  Conj/Tloc      10%        2d4       63%         4
 Lightning Bolt           Conj/Air       5%         1d17      92%         5
 Starburst                Conj/Fire      5%         6d4       100%        6
 Maxwell's Capacitive Co  Air            1%         ∞         100%        8


Dungeon Overview and Level Annotations

Branches:
Dungeon (4/15)
 Temple: D:4-7


Innate Abilities, Weirdness & Mutations

You have an increased reservoir of magic. (+10% MP)
You shall have no god before yourself.
Your divine heritage dramatically boosts your attributes as you level up.


Message History

You closely miss the kobold. The kobold hits you but does no damage.
The endoplasm closely misses you.
You closely miss the kobold. The kobold misses you.
The endoplasm closely misses you.
You hit the kobold.
The kobold is severely wounded.
The kobold hits you but does no damage. The endoplasm barely misses you.
The kobold hits you but does no damage. The endoplasm freezes you.
You are frozen.
* * * LOW HITPOINT WARNING * * *
The endoplasm attacks as you move away! The endoplasm barely misses you.
The kobold attacks as you move away!
The kobold hits you with a +0 short sword.
* * * LOW HITPOINT WARNING * * *
There is a stone staircase leading down here.
You closely miss the kobold.
The kobold is severely wounded.
The kobold barely misses you. The endoplasm closely misses you.
Aiming: Magic Dart (safe; 3% risk of failure)
Press: ? - help, Q - select action, (/) - cycle Shift-Dir - straight line, f - kobold
Aim: a kobold, wielding a +0 short sword and quivering stones (severely wounded, 100% to hit)
The magic dart hits the kobold.
You kill the kobold!
The endoplasm closely misses you.
Aiming: Magic Dart (safe; 3% risk of failure)
Press: ? - help, Q - select action, (/) - cycle Shift-Dir - straight line, f - goblin
Aim: a goblin, wielding a +0 club (100% to hit)
The magic dart hits the goblin.
The goblin is severely wounded.
The goblin hits you with a +0 club.
* * * LOW HITPOINT WARNING * * *
The endoplasm barely misses you.
Okay, then.
Okay, then.
You hit the goblin.
You kill the goblin!
The endoplasm freezes you.
You are frozen.
You die...

..............##....
.............##.....##
#.......#....###.#...#
.............##..#..##
......##......##.....#
.....#....#.###.....#
#..#...######.)...##
#.(..#...##.........
###@................
...###J).##...######....
#....#####..####......
........# #.#..........
.......## ##............
.......# ...............
.>......................
..................<.....
.$......................


You could see an endoplasm.

Vanquished Creatures
  4 adders
  An ufetubus (D:4)
  A dart slug (D:1)
  5 endoplasms
  3 giant cockroaches
  5 goblins
  6 hobgoblins
  11 jackals
  5 quokkas
  5 ball pythons
  4 bats
  5 frilled lizards
  6 kobolds
  7 rats
  A spectral goblin (D:1)
69 creatures vanquished.

Notes
Turn   | Place    | Note
-------+----------+-------------------------------------------
     0 | D:1      | Agony the Demigod Conjurer began the quest for the Orb.
     0 | D:1      | Reached XP level 1. HP: 14/14 MP: 5/5
     1 | D:1      | Found a runed translucent door.
   391 | D:1      | Reached XP level 2. HP: 20/20 MP: 5/7
   862 | D:1      | Learned a level 2 spell: Searing Ray
  1073 | D:1      | Reached XP level 3. HP: 19/26 MP: 4/8
  1087 | D:1      | Reached skill level 4 in Conjurations
  2023 | D:2      | Reached XP level 4. HP: 34/34 MP: 6/10
  2658 | D:3      | Reached skill level 1 in Armour
  3090 | D:4      | Frozen to death by an endoplasm

Illustrated notes

Levels and vault maps discovered:
D:1:      dpeg_arrival_caged_fury, layout_rooms,
          dreamdust_ecumenical_altar_drowned_temple,
          chequers_serial_rivers_micro_b
D:2:      layout_basic, minmay_pentomino_z2
D:3:      layout_rooms, worldfamousw_hep_ancestral_shrine,
          nemelex_xobeh_ov_fountains_minmay
D:4:      layout_cave_pools, uniq_eustachio

Skill      XL: |  1  2  3  4 |
---------------+-------------+-----
Stealth        | 2 |  2.4
Dodging        | 2 |  2.3
Spellcasting   | 2 |  2.5
Conjurations   | 4 |  4.1
Armour         | 1 |  1.0
Fighting       | |  0.6
Maces & Flails | |  0.3
Hexes          | |  0.1

Action                   |  1- 3 |  4- 6 || total
-------------------------+-------+-------++-------
Melee: Unarmed           |     5 |       ||     5
       Whip              |    79 |    13 ||    92
 Cast: Magic Dart        |    83 |    37 ||   120
       Searing Ray       |       |     1 ||     1
  Use: Scroll            |     2 |     5 ||     7
Armor: Robe              |    20 |       ||    20
       Leather armour    |    16 |    19 ||    35
Dodge: Dodged            |    71 |    29 ||   100

Table legend: (Time is in decaauts)
 A = Elapsed time spent in this place.
 B = Non-inter-level travel time spent in this place.
 C = Inter-level travel time spent in this place.
 D = Time resting spent in this place.
 E = Time spent auto-exploring this place.
 F = Levels seen in this place.
 G = Mean time per level.
                   A        B        C        D        E       F      G
               +--------+--------+--------+--------+--------+-----+--------+
         Total |   3107 |   2974 |    133 |    414 |   1928 |   4 |  776.8 |
       Dungeon |   3107 |   2974 |    133 |    414 |   1928 |   4 |  776.8 |
               +--------+--------+--------+--------+--------+-----+--------+

Top non-repeatable levels by time:
     D:1: 1291 daAuts
     D:2: 1023 daAuts
     D:3: 689 daAuts
     D:4: 102 daAuts
